 Dungeon Crawl Stone Soup version 0.28.0-43-g3370ac3207 (webtiles) character file.

Game seed: 10478633009805317621

135 pkoi the Insei (level 5, -5/33 HPs)
             Began as an Octopode Transmuter on Mar 17, 2022.
             Slain by a gnoll shaman
             ... wielding a +0 club
              (9 damage)
             ... on level 2 of the Dungeon.
             The game lasted 00:02:59 (3290 turns).

pkoi the Insei (Octopode Transmuter)                Turns: 3290, Time: 00:03:00

Health: -5/33      AC:  1    Str:  9    XL:     5   Next: 18%
Magic:  8/8        EV: 13    Int: 18    God:
Gold:   88         SH:  0    Dex: 12    Spells: 4/8 levels left

rFire   . . .      SeeInvis .   c - +5 whip "Naleiba" {vorpal, rN+ rCorr}
rCold   . . .      Faith    .   (no shield)
rNeg    + . .      Spirit   .   (helmet restricted)
rPois   .          Reflect  .   (no amulet)
rElec   .          Harm     .   (no ring)
rCorr   +          Rampage  .   (no ring)
Will    .....                   (no ring)
Stlth   +.........              (no ring)
HPRegen 0.11/turn               (no ring)
MPRegen 0.11/turn               (no ring)
                                (no ring)
                                (no ring)

@: lit by a corona, glowing
A: almost no armour, amphibious, 8 rings, camouflage 1, gelatinous body 1,
(nimble swimmer 1), tentacles
a: no special abilities


You were on level 2 of the Dungeon.
You visited 1 branch of the dungeon, and saw 3 of its levels.

You collected 88 gold pieces.

Inventory:

Hand Weapons
 c - the +5 whip "Naleiba" (weapon) {vorpal, rN+ rCorr}
   (You found it on level 2 of the Dungeon)

   It inflicts extra damage upon your enemies.
   rN:        It protects you from negative energy.
   rCorr:     It protects you from acid and corrosion.
 d - a +0 hand axe
Missiles
 j - 6 atropa-tipped darts
 l - 2 poisoned darts
Wands
 k - a wand of iceblast (11)
Scrolls
 e - a scroll of enchant armour {unknown}
 f - a scroll of identify
Potions
 a - a potion of curing
 b - a potion of haste {unknown}
 g - a potion of attraction {unknown}
 h - a potion of brilliance {unknown}
 i - a potion of flight {unknown}


   Skills:
 - Level 1.0 Fighting
 - Level 2.0 Dodging
 + Level 0.5 Stealth
 - Level 4.2 Unarmed Combat
 - Level 2.0 Spellcasting
 - Level 3.5 Transmutations
 - Level 2.3 Poison Magic
 + Level 0.3 Evocations


You had 4 spell levels left.
You knew the following spells:

 Your Spells              Type           Power      Damage    Failure   Level
a - Beastly Appendage     Tmut           28%        N/A       4%          1
b - Spider Form           Tmut/Pois      12%        N/A       16%         3

Your spell library contained the following spells:

 Spells                   Type           Power      Damage    Failure   Level
 Wereblood                Tmut           14%        N/A       6%          2
 Ice Form                 Ice/Tmut       8%         N/A       65%         4
 Summon Lightning Spire   Summ/Air       1%         N/A       87%         4
 Storm Form               Tmut/Air       4%         N/A       100%        7
 Maxwell's Capacitive Co  Air            0%         ∞         100%        8


Dungeon Overview and Level Annotations

Branches:
Dungeon (3/15)

Altars:


Innate Abilities, Weirdness & Mutations

You cannot wear most types of armour.
You are amphibious.
You can wear up to eight rings at the same time.
Your skin changes colour to match your surroundings (Stealth+).
Your rubbery body absorbs attacks. (AC +1, EV +1)
((You are camouflaged when in or above water. (Stealth+)))
You have tentacles for arms and can constrict up to eight enemies at once.


Message History

The gnoll seems to speed up.
The gnoll completely misses you.
You hit the gnoll. Your grab misses the gnoll.
The gnoll is severely wounded.
A hound skeleton comes into view.
The gnoll closely misses you.
You hit the gnoll. You grab the gnoll. Your squeeze misses the gnoll.
The gnoll is almost dead.
You constrict the gnoll, but do no damage.
The gnoll escapes!
The gnoll misses you.
The gnoll shaman calls upon its god to heal the gnoll.
The gnoll is healed somewhat.
The gnoll hits you with a +0 whip.
The gnoll shaman hits you with a +0 club.
* * * LOW HITPOINT WARNING * * *
There is a stone staircase leading up here.
The gnoll hits you with a +0 whip.
* * * LOW HITPOINT WARNING * * *
The gnoll barely misses you.
The gnoll shaman hits you with a +0 club!
* * * LOW HITPOINT WARNING * * *
You climb upwards.
There is a stone staircase leading down here.
The gnoll shaman calls upon its god to heal the gnoll.
The gnoll's wounds heal themselves!
The gnoll hits you with a +0 whip.
* * * LOW HITPOINT WARNING * * *
You whack the gnoll!
You kill the gnoll!
You hit the gnoll shaman. You grab the gnoll shaman.
You squeeze the gnoll shaman, but do no damage.
The gnoll shaman is moderately wounded.
You constrict the gnoll shaman, but do no damage.
The gnoll shaman hits you with a +0 club.
* * * LOW HITPOINT WARNING * * *
You hit the gnoll shaman.
You squeeze the gnoll shaman, but do no damage.
The gnoll shaman is heavily wounded.
You constrict the gnoll shaman.
The gnoll shaman hits you with a +0 club!
You die...

#.## ######### #.# #.......# #.##
#.#####.# #... #.# #.# #..# #
###.### #.# #..# # #.....# #.#
#..# #
########.#.#.###.###########..#
###.....>......g@.....>..........
.......).)...>.############.##...
###.######.....# ##########.###.#
# #.# ####### #...........##.# #
#.# #.########..##.# # #.# #.#
##.###...... #.# #.###...###..###
#.# #.##.....##..### #.#########
#.#.......).....


You could see a gnoll shaman.

Vanquished Creatures
  Ijyb (D:3)
  4 adders (D:2)
  3 gnolls (D:2)
  A worm (D:2)
  5 endoplasms
  A giant cockroach (D:2)
  A goblin (D:1)
  6 hobgoblins
  2 jackals (D:2)
  2 quokkas
  8 ball pythons
  4 bats
  A frilled lizard (D:2)
  2 kobolds
  7 rats
48 creatures vanquished.

Notes
Turn   | Place    | Note
-------+----------+-------------------------------------------
     0 | D:1      | pkoi the Octopode Transmuter began the quest for the Orb.
     0 | D:1      | Reached XP level 1. HP: 13/13 MP: 3/3
     2 | D:1      | Noticed a minotaur
     4 | D:1      | Noticed an octopode
     4 | D:1      | Noticed a merfolk
     6 | D:1      | Noticed an ogre
     8 | D:1      | Noticed a demigod
     8 | D:1      | Noticed a demonspawn
    10 | D:1      | Noticed an elf
    13 | D:1      | Noticed a vampire
    15 | D:1      | Noticed a spriggan
    15 | D:1      | Noticed a vine stalker
    17 | D:1      | Noticed a formicid
    17 | D:1      | Noticed a naga
    19 | D:1      | Noticed a draconian
    21 | D:1      | Noticed a gargoyle
    21 | D:1      | Noticed a tengu
    23 | D:1      | Noticed a troll
    23 | D:1      | Noticed a dwarf
    26 | D:1      | Noticed a ghoul
    26 | D:1      | Noticed a human
    28 | D:1      | Noticed a felid
   376 | D:1      | Reached XP level 2. HP: 16/18 MP: 3/5
  1164 | D:2      | Identified the +5 whip "Naleiba" {vorpal, rN+ rCorr}
  1193 | D:2      | Reached XP level 3. HP: 22/23 MP: 6/6
  1198 | D:2      | Learned a level 3 spell: Spider Form
  1281 | D:2      | Found a faded altar of an unknown god.
  1316 | D:2      | Reached skill level 1 in Poison Magic
  1917 | D:2      | Reached XP level 4. HP: 28/28 MP: 5/7
  2529 | D:2      | Reached skill level 4 in Unarmed Combat
  3100 | D:3      | Noticed Ijyb
  3108 | D:3      | Killed Ijyb
  3109 | D:3      | Reached XP level 5. HP: 17/33 MP: 6/8
  3290 | D:2      | Slain by a gnoll shaman

Illustrated notes

Levels and vault maps discovered:
D:1:      kb_arrival_jail, layout_loops_cross
D:2:      layout_loops_ring, basic_ecumenical_altar
D:3:      layout_loops_ring, ebering_ghost_sewer_d, minmay_misc_feat_tiny,
          kennysheep_generic_room_11, uniq_ijyb

Skill      XL: |  1  2  3  4 |
---------------+-------------+-----
Transmutations | 3 |  3.5
Poison Magic   | 1 2 |  2.3
Unarmed Combat | 4 |  4.2
Fighting       | |  1.0
Dodging        | |  2.0
Stealth        | |  0.5
Spellcasting   | |  2.0
Evocations     | |  0.3

Action                   |  1- 3 |  4- 6 || total
-------------------------+-------+-------++-------
Melee: Unarmed           |    19 |       ||    19
       Constrict         |    11 |     7 ||    18
       Kick              |    13 |     7 ||    20
       Tentacles         |     7 |     6 ||    13
       Hand axe          |    16 |       ||    16
       Whip              |    22 |    31 ||    53
       Punch             |     1 |       ||     1
 Cast: Beastly Appendage |    19 |     6 ||    25
  Use: Scroll            |     2 |       ||     2
 Stab: Sleeping          |     6 |     5 ||    11
Armor: Skin              |     2 |     3 ||     5
Dodge: Dodged            |    33 |    19 ||    52
